 Dungeon Crawl Stone Soup version 0.24.0-1-gfbc8707122 (webtiles) character file.

Game seed: 3997198786911349867, levelgen mode: classic

205 EnegeticOcto the Sneak (level 5, -6/33 HPs)
             Began as an Octopode Air Elementalist on Oct 27, 2019.
             Killed from afar by a hobgoblin (21 damage)
             ... with a bolt of acid
             ... on level 3 of the Dungeon.
             The game lasted 00:03:14 (3896 turns).

EnegeticOcto the Sneak (Octopode Air Elementalist)  Turns: 3896, Time: 00:03:14

Health: -6/33      AC:  1    Str:  8    XL:     5   Next: 83%
Magic:  8/8        EV: 18    Int: 18    God:
Gold:   62         SH:  6    Dex: 20    Spells: 7/8 levels left

rFire    . . .     SeeInvis .   a - +2 dagger (venom)
rCold    . . .     Gourm    .   r - +2 buckler
rNeg     . . .     Faith    .   (helmet restricted)
rPois    .         Spirit   .   (no amulet)
rElec    .         Reflect  .   h - +3 ring of dexterity
rCorr    .         Harm     .   (no ring)
MR       .....                  (no ring)
Stlth    +++++++...             (no ring)
HPRegen  0.11/turn              (no ring)
MPRegen  0.11/turn              (no ring)
                                (no ring)
                                (no ring)

@: agile
A: almost no armour, stealthy swim, amphibious, 8 rings, constrict 8, camouflage
1, gelatinous body 1
a: no special abilities


You were on level 3 of the Dungeon.
You were not hungry.

You visited 1 branch of the dungeon, and saw 3 of its levels.

You collected 62 gold pieces.

Inventory:

Hand Weapons
 a - a +2 dagger of venom (weapon)
 b - a +1 vampiric short sword
Missiles
 k - a throwing net (quivered) {!f}
 m - 2 curare-tipped darts
Armour
 r - a +2 buckler (worn)
Jewellery
 h - a +3 ring of dexterity (left tentacle)
Wands
 i - a wand of disintegration (19)
 p - a wand of iceblast (5)
Scrolls
 c - 2 scrolls of blinking {unknown}
 f - 2 scrolls of remove curse {@r2}
 j - 4 scrolls of teleportation {@r3 !r}
Potions
 l - a potion of haste {@q4 !q}
 n - a potion of brilliance
 o - a potion of curing {@q1 !q}
Comestibles
 e - 4 rations
 g - 5 chunks of flesh


   Skills:
 + Level 1.0 Fighting
 + Level 3.1 Short Blades
 - Level 2.0 Dodging
 + Level 6.2 Stealth
 + Level 1.0 Shields
 - Level 2.0 Spellcasting
 - Level 1.0 Conjurations
 - Level 3.0 Air Magic


You had 7 spell levels left.
You knew the following spells:

 Your Spells              Type           Power        Failure   Level  Hunger
a - Shock                 Conj/Air       #...         12%         1    #......

Your spell library contained the following spells:

 Spells                   Type           Power        Failure   Level  Hunger
 Swiftness                Chrm/Air       #.......     22%         2    ###....
 Static Discharge         Conj/Air       #.......     34%         3    ###....
 Airstrike                Air            ##........   58%         4    #####..
 Lightning Bolt           Conj/Air       #.........   97%         5    ######.


Dungeon Overview and Level Annotations

Branches:
Dungeon (3/15)

Altars:
Dithmenos
Wu Jian


Innate Abilities, Weirdness & Mutations

You cannot wear most types of armour.
You are very stealthy in the water. (Stealth+)
You are amphibious.
You can wear up to eight rings at the same time.
You can use your tentacles to constrict eight enemies at once.
Your skin changes colour to match your surroundings (Stealth+).
Your rubbery body absorbs attacks. (AC +1, EV +1)


Message History

You kill the giant cockroach!
No target in view!
No target in view!
You butcher the giant cockroach corpse.
g - 5 chunks of flesh (gained 2)
You see here a +0 whip.
You see here a +0 flail.
Things that are here:
a +0 short sword; a +0 spear You see here a goblin skeleton.
There is an open door here.
Things that are here:
a +0 club; a hobgoblin skeleton
There is an open door here.
A rat comes into view.
A rat is nearby!
A rat is nearby!
The helpless rat fails to defend itself.
You impale the rat!!
You kill the rat!
There is an open door here.
p - a wand of iceblast (6)
You open the door.
Found a stone staircase leading down.
There is an open door here.
A leopard gecko and a giant cockroach come into view. 2 leopard geckos come into view.
The leopard gecko hisses angrily. x2
The leopard gecko bites you. The giant cockroach barely misses you.
You miss the leopard gecko. Your grab misses the leopard gecko.
You block the leopard gecko's attack.
The giant cockroach splashes around in the water.
You hit the leopard gecko.
The leopard gecko is poisoned.
Your grab misses the leopard gecko.
The leopard gecko is almost dead.
You kill the leopard gecko!
Your Shields skill increases to level 1!
The giant cockroach misses you.
You hit the leopard gecko but do no damage.
The leopard gecko is poisoned.
You grab the leopard gecko.
You constrict the leopard gecko, but do no damage.
The leopard gecko closely misses you. The giant cockroach barely misses you.
You hit the leopard gecko but do no damage.
The leopard gecko looks as sick as possible!
You constrict the leopard gecko.
You kill the leopard gecko!
The giant cockroach misses you.
You hit the leopard gecko but do no damage.
The leopard gecko is poisoned.
Your grab misses the leopard gecko.
The giant cockroach splashes around in the water.
A hobgoblin comes into view. It is carrying a wand of acid (9).
The leopard gecko misses you.
The hobgoblin shouts!
You hit the leopard gecko.
The leopard gecko looks as sick as possible!
Your grab misses the leopard gecko. You squeeze the leopard gecko.
You kill the leopard gecko!
You block the giant cockroach's attack.
You hit the giant cockroach.
The giant cockroach is poisoned.
You grab the giant cockroach.
You squeeze the giant cockroach, but do no damage.
The giant cockroach is moderately wounded.
You constrict the giant cockroach.
You kill the giant cockroach!
A leopard gecko comes into view.
The hobgoblin throws a javelin.
The javelin pierces through you.
The hobgoblin throws a javelin.
The javelin pierces through you but does no damage.
The hobgoblin throws a javelin.
The javelin closely misses you.
The hobgoblin zaps a wand.
The bolt of acid hits you!!
Ouch! That really hurt!
You are splashed with acid.
* * * LOW HITPOINT WARNING * * *
You are too injured to fight recklessly!
You are too injured to fight recklessly!
You are too injured to fight recklessly!
You are too injured to fight recklessly!
You are too injured to fight recklessly!
You are too injured to fight recklessly!
You are too injured to fight recklessly!
You are too injured to fight recklessly!
You are too injured to fight recklessly!
Really quaff
d - a potion of agility {@q5 !q}?
You feel agile all of a sudden.
The hobgoblin zaps a wand.
The bolt of acid hits the leopard gecko!
The leopard gecko is splashed with acid.
The leopard gecko dies!
The bolt of acid misses you.
Really quaff
o - 2 potions of curing {@q1 !q}?
You feel better.
Evoke which item? (* to show all) (? for menu, Esc to quit)
Aiming: Iceblast
Press: ? - help, Shift-Dir - straight line, f - hobgoblin
Aim: a hobgoblin, carrying a wand of acid (7)
The mass of ice explodes!
The iceblast engulfs the hobgoblin.
The hobgoblin is severely wounded.
The hobgoblin zaps a wand.
The bolt of acid hits you!!
Ouch! That really hurt!
You die...

#.##....###.......
#.......# ##......
#####.### ##.....
#.# ##...#
#########.## #+##
#..........#
#.###.###..#
#.###########
#.(≈≈@≈≈g≈≈≈.
#.†≈≈≈≈.≈≈≈≈.
##.≈≈≈≈≈≈≈≈≈.
############


You could see a hobgoblin.

Vanquished Creatures
  Terence (D:2)
  4 adders (D:2)
  6 gnolls (D:3)
  An ooze (D:1)
  A dart slug (D:2)
  4 leopard geckos
  A ball python (D:1)
  11 bats
  7 giant cockroaches
  12 goblins
  11 hobgoblins
  2 jackals (D:1)
  4 frilled lizards (D:2)
  6 kobolds
  5 rats
76 creatures vanquished.

Vanquished Creatures (others)
  A leopard gecko (D:3)
1 creature vanquished.

Grand Total: 77 creatures vanquished

Notes
Turn   | Place    | Note
-------+----------+-------------------------------------------
     0 | D:1      | EnegeticOcto the Octopode Air Elementalist began the quest
                  | for the Orb.
     0 | D:1      | Reached XP level 1. HP: 11/11 MP: 3/3
    50 | D:1      | Reached skill level 3 in Stealth
   137 | D:1      | Reached XP level 2. HP: 17/17 MP: 0/5
   261 | D:1      | Reached skill level 4 in Stealth
   819 | D:1      | Reached skill level 1 in Short Blades
   895 | D:1      | Reached XP level 3. HP: 21/21 MP: 6/6
  1399 | D:2      | Reached skill level 5 in Stealth
  1399 | D:2      | Reached XP level 4. HP: 24/27 MP: 7/7
  1814 | D:2      | Found an ornate altar of the Wu Jian Council.
  2336 | D:3      | Reached XP level 5. HP: 12/31 MP: 8/8
  3126 | D:3      | Reached skill level 6 in Stealth
  3383 | D:3      | Noticed Terence
  3392 | D:2      | Killed Terence
  3716 | D:3      | Found a shadowy altar of Dithmenos.
  3719 | D:3      | Reached skill level 1 in Fighting
  3885 | D:3      | Reached skill level 1 in Shields
  3896 | D:3      | Killed from afar by a hobgoblin

Levels and vault maps discovered:
D:1:      minmay_arrival_five_plusses, layout_loops_ring
D:2:      layout_rooms, marbit_many_paths, minmay_misc_feat_x,
          kennysheep_generic_room_15
D:3:      minmay_bubble_buster, layout_loops_corners,
          nicolae_dithmenos_through_a_glass_darkly, portal_sewer_entry_f,
          minmay_liquid_box, uniq_terence

Skill      XL: |  1  2  3  4  5 |
---------------+----------------+-----
Stealth        | 3 4 5 6 |  6.2
Short Blades   | 1 2 3 |  3.1
Fighting       | 1 |  1.0
Shields        | 1 |  1.0
Dodging        | |  2.0
Spellcasting   | |  2.0
Conjurations   | |  1.0
Air Magic      | |  3.0

Action                   |  1- 3 |  4- 6 || total
-------------------------+-------+-------++-------
Melee: Unarmed           |     2 |       ||     2
       Constrict         |    15 |    20 ||    35
       Dagger            |    51 |    70 ||   121
       Tentacles         |    12 |    14 ||    26
       Short sword       |    19 |     8 ||    27
 Cast: Shock             |    12 |       ||    12
Evoke: Wand              |       |     1 ||     1
  Use: Scroll            |     3 |     4 ||     7
       Potion            |       |     2 ||     2
 Stab: Sleeping          |    16 |     8 ||    24
  Eat: Chunk             |     2 |     5 ||     7
       Ration            |       |     1 ||     1
Armor: Skin              |     9 |     2 ||    11
Dodge: Dodged            |    47 |    44 ||    91
Block: Buckler           |       |     7 ||     7
